 Dungeon Crawl Stone Soup version 0.20-a0-1016-g241539b (webtiles) character file.

7298 Murumi the Unseen (level 11, -13/97 HPs)
             Began as a Naga Enchanter on Apr 16, 2017.
             Was an Elder of Cheibriados.
             Mangled by a two-headed ogre
             ... wielding a +0 great mace
              (17 damage)
             ... on level 10 of the Dungeon.
             The game lasted 00:44:47 (12146 turns).

Murumi the Unseen (Naga Enchanter)                 Turns: 12146, Time: 00:44:48

Health: -13/97     AC: 14    Str: 21    XL:     11   Next: 13%
Magic:  5/15       EV: 12    Int: 25    God:    Cheibriados [****..]
Gold:   239        SH:  0    Dex: 25    Spells: 6/18 levels left

rFire    + + .     SeeInvis +   w - +1 short sword "Foyka" {freeze, rF+ rN+ Str+4 Int+3}
rCold    + . .     Gourm    .   (no shield)
rNeg     + + .     Faith    .   G - +2 robe {MR+}
rPois    +         Spirit   .   b - +2 hat
rElec    +         Reflect  .   m - +0 cloak
rCorr    .         Harm     .   v - +0 pair of gloves
MR       ++...     Rnd*Rage +   (no barding)
Stlth    +++++++...             (no amulet)
Regen    0.3/turn               A - ring of positive energy
MPRegen  0.2/turn               (no ring)

@: very slightly contaminated, invisible, very slow
A: icy blue scales 1, slimy green scales 1, see invisible, berserk 1, cold
resistance 1, deformed body, dopey 1, fire resistance 1, low mp 1, sense
surroundings 1, poison resistance, electricity resistance, slowness 2, slow
metabolism 1, spit poison 1, weak 1, evolution 1, AC +3
a: Spit Poison, Bend Time, Temporal Distortion, Slouch, Renounce Religion


You were on level 10 of the Dungeon.
You worshipped Cheibriados.
Cheibriados was greatly pleased with you.
You were hungry.

You visited 2 branches of the dungeon, and saw 11 of its levels.

You collected 481 gold pieces.
You spent 242 gold pieces at shops.

Inventory:

Hand Weapons
 a - a +1 dagger
 t - a +0 dagger of venom
 w - the +1 short sword "Foyka" (weapon) {freeze, rF+ rN+ Str+4 Int+3}
   (You found it on level 5 of the Dungeon)

   It has been specially enchanted to freeze those struck by it, causing extra
   injury to most foes and up to half again as much damage against particularly
   susceptible opponents.
   It can also slow down cold-blooded creatures.
   It affects your strength (+4).
   It affects your intelligence (+3).
   It protects you from fire.
   It protects you from negative energy.
Armour
 b - a +2 hat (worn)
 m - a +0 cloak (worn)
 v - a +0 pair of gloves (worn)
 G - a +2 robe of magic resistance (worn)
Jewellery
 A - a ring of positive energy (left hand)
Wands
 F - a wand of iceblast (6/15)
Scrolls
 f - a scroll of recharging
 h - 2 scrolls of blinking
 i - a scroll of amnesia
 n - 2 scrolls of remove curse
 p - a scroll of fog {unknown}
 q - 4 scrolls of teleportation
 B - a scroll of summoning {unknown}
 D - a scroll of vulnerability {unknown}
 E - a scroll of enchant armour
Potions
 e - 3 potions of curing
 j - 3 potions of lignification
 r - 2 potions of magic
 u - a potion of resistance
 x - a potion of might
 C - a potion of heal wounds
Books
 c - a book of Maledictions

   Spells                             Type                      Level
   a - Corona                         Hexes                        1
   b - Ensorcelled Hibernation        Hexes/Ice                    2
   c - Confuse                        Hexes                        3
   d - Tukima's Dance                 Hexes                        3
   e - Dazzling Spray                 Conjuration/Hexes            3
 z - a book of Misfortune

   Spells                             Type                      Level
   a - Confusing Touch                Hexes                        1
   b - Confuse                        Hexes                        3
   c - Gell's Gravitas                Translocation                3
   d - Petrify                        Transmutation/Earth          4
   e - Metabolic Englaciation         Hexes/Ice                    5
   f - Yara's Violent Unravelling     Hexes/Transmutation          5
Comestibles
 d - 5 bread rations
 g - 2 meat rations
 k - 4 royal jellies
 s - 7 fruits


   Skills:
 - Level 6.0 Fighting
 - Level 6.1 Short Blades
 - Level 3.2 Dodging
 + Level 17.3 Stealth
 - Level 4.0 Spellcasting
 - Level 7.1 Hexes


You had 6 spell levels left.
You knew the following spells:

 Your Spells              Type           Power        Failure   Level  Hunger
a - Corona                Hex            #####..      1%          1    None
b - Ensorcelled Hibernat  Hex/Ice        ###...       3%          2    None
c - Confuse               Hex            #####...     1%          3    ##.....
d - Tukima's Dance        Hex            #####...     1%          3    ##.....
e - Dazzling Spray        Conj/Hex       ###...       8%          3    ##.....


Dungeon Overview and Level Annotations

Branches:
Dungeon (10/15)            Temple (1/1) D:4            Lair (0/6) D:10
    Orc (0/2) D:10

Altars:
Ashenzari
Cheibriados
Dithmenos
Elyvilon
Fedhas
Gozag
Hepliaklqana
Kikubaaqudgha
Makhleb
Nemelex Xobeh
Okawaru
Qazlal
Ru
Sif Muna
Trog
Uskayaw
Vehumet
Wu Jian
Xom
Yredelemnul
Zin
The Shining One

Shops:
D:4 *   D:6 *   D:9 [

Annotations:
D:10 1 runed door


Innate Abilities, Weirdness & Mutations

You cannot wear boots.
Your serpentine skin is tough. (AC +3)
You have supernaturally acute eyesight. (SInv)
Armour fits poorly on your strangely shaped body.
Your system is resistant to poisons. (rPois)
You cover ground very slowly.
You have a slow metabolism.
You can spit poison.
You are partially covered in icy blue scales. (AC +2)
You are partially covered in slimy green scales. (AC +2)
You tend to lose your temper in combat.
Your flesh is cold resistant. (rC+)
You are dopey. (Int -2)
Your flesh is heat resistant. (rF+)
Your magical capacity is low. (-10% MP)
You passively map a small area around you.
You are resistant to electric shocks. (rElec)
You are weak. (Str -2)
You evolve.


Message History

* * * LOW HITPOINT WARNING * * *
The warg bites you but does no damage. The two-headed ogre barely misses you.
The two-headed ogre hits you with a great mace.
* * * LOW HITPOINT WARNING * * *
The warg bites you but does no damage.
You hit the two-headed ogre. You freeze the two-headed ogre.
The two-headed ogre is lightly wounded.
The warg bites you.
* * * LOW HITPOINT WARNING * * *
The warg closely misses you.
Casting: Tukima's Dance
Confirm with . or Enter, or press ? or * to list all spells.
Aiming: Ensorcelled Hibernation
Press: ? - help, Shift-Dir - straight line, f/p - two-headed ogre
Aim: a two-headed ogre, wielding a great mace (lightly wounded, hasn't noticed you, chance to defeat MR: 34%)
The two-headed ogre easily resists.
The warg completely misses you.
The two-headed ogre hits you with a great mace!
* * * LOW HITPOINT WARNING * * *
The two-headed ogre hits you with a great mace!
You die...

* , *,
,##.................# ,
.#####..................#
............########...###
, .........>..# #...#
..........%.# #...# ,
............## ###<#
#.8..#####(..## #(# ,
#.... , #.>..# #.# #....*
#@O..# #.# .., , #hh......
..# , , , +#O............#
,, ...............#
.............###
,.............#
,.............#
...[..........# ,
..........8%.#


You could see 2 two-headed ogres, 2 wargs and a friendly giant spiked club.

Vanquished Creatures
  2 two-headed ogres (D:9)
  An ugly thing (D:8)
  Joseph (D:9)
  A komodo dragon (D:10)
  3 hippogriffs
  Edmund (D:4)
  Menkaure (D:4)
  2 wargs (D:10)
  3 orc warriors
  2 black bears (D:7)
  An eye of draining (D:9)
  2 ice beasts
  A necrophage (D:8)
  3 phantoms
  3 sky beasts
  3 ogres
  2 centaurs
  6 bullfrogs
  Blork the orc (D:4)
  A big kobold (D:10)
  A water moccasin skeleton (D:6)
  5 scorpions
  5 crimson imps
  2 howler monkeys (D:4)
  A bullfrog zombie (D:6)
  A centaur zombie (D:9)
  A quasit (D:6)
  4 hounds
  2 jellies
  5 orc priests
  7 orc wizards
  A bullfrog skeleton (D:6)
  2 centaur skeletons
  An iguana (D:4)
  7 worker ants
  A hound skeleton (D:4)
  4 gnolls (D:5)
  12 adders
  A shadow imp (D:6)
  2 oozes
  2 adder zombies
  An adder skeleton (D:7)
  2 worms (D:2)
  5 dart slugs
  4 leopard geckos
  33 orcs
  2 ball pythons
  3 bats
  6 giant cockroaches
  6 goblins
  13 hobgoblins
  17 jackals
  6 quokkas
  7 frilled lizards
  A jackal zombie (D:8)
  11 kobolds
  A leopard gecko skeleton (D:8)
  A leopard gecko zombie (D:5)
  2 quokka zombies (D:6)
  7 rats
235 creatures vanquished.

Vanquished Creatures (others)
  A plant (D:10)
1 creature vanquished.

Grand Total: 236 creatures vanquished

Notes
Turn   | Place    | Note
-------+----------+-------------------------------------------
     0 | D:1      | Murumi the Naga Enchanter began the quest for the Orb.
     0 | D:1      | Reached XP level 1. HP: 15/15 MP: 3/3
   213 | D:1      | Reached XP level 2. HP: 14/22 MP: 5/5
   217 | D:1      | Learned a level 2 spell: Ensorcelled Hibernation
   380 | D:1      | Reached skill level 5 in Stealth
   468 | D:1      | Reached skill level 1 in Fighting
   496 | D:1      | Reached XP level 3. HP: 21/31 MP: 6/6
   501 | D:1      | Learned a level 3 spell: Confuse
  1252 | D:2      | Reached skill level 6 in Stealth
  1356 | D:2      | Found a shattered altar of Ashenzari.
  1473 | D:2      | Reached XP level 4. HP: 38/38 MP: 7/7
  1650 | D:2      | Found a hide-covered altar of Uskayaw.
  1651 | D:2      | Found an ornate altar of the Wu Jian Council.
  1851 | D:2      | Found a bloodstained altar of Trog.
  1859 | D:2      | Reached skill level 7 in Stealth
  2243 | D:2      | Reached XP level 5. HP: 17/44 MP: 8/8
  2557 | D:2      | Reached skill level 8 in Stealth
  2912 | D:3      | Found a deep blue altar of Sif Muna.
  2936 | D:3      | Noticed a sky beast
  2940 | D:3      | Killed a sky beast
  2940 | D:3      | Reached skill level 9 in Stealth
  2940 | D:3      | Reached XP level 6. HP: 43/51 MP: 6/9
  2943 | D:3      | Gained mutation: Your flesh is heat resistant. (rF+) [mutagenic meat]
  2944 | D:3      | Gained mutation: You are dopey. (Int -2) [mutagenic meat]
  2946 | D:3      | Gained mutation: Your magical capacity is low. (-10% MP) [mutagenic meat]
  2947 | D:3      | Gained mutation: Your tail ends in a poisonous barb. [mutagenic meat]
  2948 | D:3      | Gained mutation: Your tail ends in a sharp poisonous barb. [mutagenic meat]
  3481 | D:3      | Reached skill level 10 in Stealth
  3613 | D:4      | Found a staircase to the Ecumenical Temple.
  3626 | Temple   | Entered the Ecumenical Temple
  4023 | D:4      | Noticed Menkaure
  4039 | D:4      | Killed Menkaure
  4039 | D:4      | Reached XP level 7. HP: 22/57 MP: 3/9
  4518 | D:4      | Noticed Blork the orc
  4527 | D:4      | Killed Blork the orc
  4810 | D:4      | Noticed Edmund
  4819 | D:4      | Killed Edmund
  4819 | D:4      | Reached skill level 11 in Stealth
  4928 | D:4      | Reached XP level 8. HP: 69/69 MP: 3/9
  4953 | D:4      | Found Huaxt's Antique Armour Shop.
  4981 | D:4      | Found Qiasytza's Serpentskin Sales.
  4999 | D:4      | Bought a +0 dagger of venom for 48 gold pieces
  5241 | D:5      | Entered Level 5 of the Dungeon
  5383 | D:5      | Reached skill level 12 in Stealth
  5796 | D:5      | Found an iron altar of Okawaru.
  5796 | D:5      | Found a glowing silver altar of Zin.
  5797 | D:5      | Found a sparkling altar of Nemelex Xobeh.
  5858 | D:5      | Found a snail-covered altar of Cheibriados.
  5863 | D:5      | Became a worshipper of Cheibriados the Contemplative
  5980 | D:5      | Found a burning altar of Makhleb.
  5980 | D:5      | Noticed an Executioner
  5984 | D:5      | Noticed a smoke demon
  5984 | D:5      | Noticed a hellwing
  6015 | D:5      | Found an opulent altar of Gozag.
  6161 | D:5      | Got a translucent short sword
  6162 | D:5      | Identified the cursed +1 short sword "Foyka" {freeze, rF+ rN+ Str+4 Int+3} (You found it on level 5 of the Dungeon)
  7016 | D:6      | Reached skill level 13 in Stealth
  7051 | D:6      | Reached * piety under Cheibriados
  7322 | D:6      | Found Healet Eche's General Store.
  7347 | D:6      | Reached skill level 14 in Stealth
  7541 | D:7      | Reached XP level 9. HP: 75/75 MP: 7/12
  7970 | D:7      | Gained mutation: You are resistant to electric shocks. (rElec) [mutagenic meat]
  7971 | D:7      | Gained mutation: You are partially covered in icy blue scales. (AC +2) [mutagenic meat]
  7972 | D:7      | Gained mutation: You tend to lose your temper in combat. [mutagenic meat]
  7973 | D:7      | Gained mutation: You evolve. [mutagenic meat]
  8233 | D:7      | Reached ** piety under Cheibriados
  8420 | D:7      | Gained mutation: You are weak. (Str -2) [evolution]
  8741 | D:8      | Reached skill level 15 in Stealth
  9230 | D:8      | Noticed a green ugly thing
  9233 | D:8      | Killed a green ugly thing
  9272 | D:8      | Reached skill level 16 in Stealth
  9311 | D:8      | Reached XP level 10. HP: 86/86 MP: 14/14
  9332 | D:8      | Learned a level 3 spell: Tukima's Dance
  9432 | D:8      | Reached *** piety under Cheibriados
  9603 | D:8      | Reached skill level 5 in Short Blades
 10087 | D:9      | Reached skill level 5 in Fighting
 10090 | D:9      | Found a shimmering altar of Xom.
 10119 | D:9      | Noticed Joseph
 10122 | D:9      | Gained mutation: You are partially covered in slimy green scales. (AC +2) [evolution]
 10141 | D:9      | Killed Joseph
 10596 | D:9      | Noticed a two-headed ogre
 10739 | D:9      | Killed a two-headed ogre
 10739 | D:9      | Reached skill level 5 in Hexes
 10820 | D:9      | Noticed a two-headed ogre
 10830 | D:9      | Killed a two-headed ogre
 10838 | D:9      | Learned a level 3 spell: Dazzling Spray
 11239 | D:9      | Found Miepp's Armour Boutique.
 11243 | D:9      | Bought a +2 robe of magic resistance for 194 gold pieces
 11403 | D:9      | Reached **** piety under Cheibriados
 11448 | D:9      | Gained mutation: You have a pair of small horns on your head. [evolution]
 11632 | D:9      | Reached XP level 11. HP: 91/97 MP: 4/15
 11780 | D:10     | Entered Level 10 of the Dungeon
 11939 | D:10     | Lost mutation: Your tail ends in a sharp poisonous barb. [potion of mutation]
 11939 | D:10     | Lost mutation: Your tail ends in a poisonous barb. [potion of mutation]
 11939 | D:10     | Lost mutation: You have a pair of small horns on your head. [potion of mutation]
 11939 | D:10     | Gained mutation: You passively map a small area around you. [potion of mutation]
 11939 | D:10     | Gained mutation: Your flesh is cold resistant. (rC+) [potion of mutation]
 11958 | D:10     | Found a staircase to the Lair.
 11984 | D:10     | Reached skill level 17 in Stealth
 12097 | D:10     | Found a runed door.
 12120 | D:10     | Found a staircase to the Orcish Mines.
 12133 | D:10     | Noticed a two-headed ogre
 12137 | D:10     | Noticed a two-headed ogre
 12146 | D:10     | HP: 4/97 [two-headed ogre/great mace (17)]
 12146 | D:10     | Mangled by a two-headed ogre

Vault maps used:
D:1:      minmay_arrival_pointy
D:2:      old_standard_altar, gammafunk_temple_overflow_pools,
          trog_butcher_becter
D:3:      nicolae_overflow_hidden_temple, first_bread
D:4:      temple_fountains, serial_shops, nicolae_shop_behind_doors,
          st_stairs_1, guppyfry_shop_venom, uniq_blork_the_orc, uniq_menkaure,
          uniq_edmund
D:5:      lemuel_doored_altar, nicolae_overflow_quartered_altars,
          makhleb_altar_promises_db
D:6:      serial_shops, shop, minivault_25
D:7:      st_stairs_7
D:9:      serial_shops, shop, basic_altar, uniq_joseph
D:10:     cheibrodos_histonic, david_lair_shrubbed, minmay_orc_entry_guard_dogs,
          serial_shops, shop_scrolls, basic_altar, serial_column_ruins,
          column_ruins_hut_pillars, column_ruins_hut, column_ruins_grid_1,
          column_ruins_open_small, column_ruins_grid_1, column_ruins_grid_1,
          column_ruins_columns_straight, column_ruins_grid_4,
          column_ruins_grid_3, grunt_ogre_cave
Temple:   minmay_temple_bridge_abc

Skill      XL: |  1  2  3  4  5  6  7  8  9 10 11 |
---------------+----------------------------------+-----
Dodging        | 2 3 |  3.2
Stealth        | 5 6 7 9 10 11 14 16 17 | 17.3
Fighting       | 1 3 4 6 |  6.0
Short Blades   | 3 4 6 |  6.1
Spellcasting   | 3 4 |  4.0
Hexes          | 4 7 |  7.1

Action                   |  1- 3 |  4- 6 |  7- 9 | 10-12 || total
-------------------------+-------+-------+-------+-------++-------
Melee: Dagger            |    87 |   135 |   112 |       ||   334
       Tailslap          |       |    11 |    40 |    27 ||    78
       Short sword       |       |       |   150 |   146 ||   296
       Headbutt          |       |       |       |     5 ||     5
 Cast: Ensorcelled Hiber |       |    12 |    42 |    32 ||    86
       Confuse           |       |     2 |     3 |    13 ||    18
       Tukima's Dance    |       |       |       |     1 ||     1
 Abil: Spit Poison       |    27 |    28 |    24 |     7 ||    86
  Use: Scroll            |     5 |     1 |     6 |     6 ||    18
       Potion            |       |       |     1 |     3 ||     4
 Stab: Sleeping          |     8 |    14 |    41 |    15 ||    78
       Distracted        |       |     2 |     3 |     4 ||     9
       Confused          |       |     1 |     2 |     5 ||     8
  Eat: Chunk             |     1 |    17 |    16 |     6 ||    40
       Meat ration       |       |       |     1 |       ||     1
Armor: Robe              |    42 |    36 |    85 |    62 ||   225
       Skin              |       |       |    52 |       ||    52
Dodge: Dodged            |    61 |    73 |   147 |    90 ||   371
